 Dungeon Crawl Stone Soup version 0.26.1-11-gd32895ea62 (webtiles) character file.

Game seed: 15066445498754080690

682286 dtburroughs the Executioner (level 27, -5/226 (237) HPs)
             Began as a Minotaur Berserker on June 9, 2021.
             Was an Elder of Trog.
             Splashed by an acid blob's acid (6 damage)
             ... created by the Royal Jelly
             ... on level 5 of the Pits of Slime on June 11, 2021.
             The game lasted 08:01:59 (104797 turns).

dtburroughs the Executioner (Minotaur Berserker)  Turns: 104797, Time: 08:02:00

HP:   -5/226 (237)  AC: 20    Str: 30      XL:     27
MP:   6/10          EV: 19    Int:  5      God:    Trog [****..]
Gold: 3963          SH: 26    Dex: 14 (15) Spells: 26/26 levels left

rFire    + + .     SeeInvis .   V - +9 war axe (antimagic)
rCold    + + .     Faith    .   X - +2 kite shield of Taedey {rElec Stlth+}
rNeg     . . .     Spirit   .   a - +9 scales of the Dragon King {rPois rF+ rC+ Will+}
rPois    +         Reflect  +   (helmet restricted)
rElec    +         Harm     .   P - scarf {rC+ rF+}
rCorr    +         Rampage  .   v - +2 pair of gloves {Str+3}
Will     ++++.                  y - +2 pair of boots {run}
Stlth    ..........             G - amulet of reflection
HPRegen  0.00/turn              c - ring of resist corrosion
MPRegen  0.12/turn              T - ring of Gatanoni {Will+ MP+9}

@: corroded, studying Maces & Flails, lightly drained, quick
A: retaliatory headbutt, horns 2, talons 1, iridescent scales 1, blurry vision
1, deterioration 2, dopey 1, frail 1, screaming 1, inhibited regeneration,
subdued magic 1, MP-powered wands
}: 3/15 runes: serpentine, barnacled, silver
a: Renounce Religion, Berserk, Trog's Hand, Brothers in Arms


You were on level 5 of the Pits of Slime.
You worshipped Trog.
Trog was greatly pleased with you.
You visited 10 branches of the dungeon, and saw 54 of its levels.
You visited the Abyss 1 time.
You visited 1 bazaar.
You also visited: Trove.

You collected 9043 gold pieces.
You spent 5080 gold pieces at shops.

Inventory:

Hand Weapons
 p - the +7 flail "Qetwiuz" {flame, *Contam rN++ Will+ Int+2}
   (You found it on level 4 of the Depths)

   It has been specially enchanted to burn those struck by it, causing extra
   injury to most foes and up to half again as much damage against particularly
   susceptible opponents.
   It affects your intelligence (+2).
   It greatly protects you from negative energy.
   It affects your willpower, your defense against some magical effects.
   It causes magical contamination when unequipped.
 V - a +9 antimagic war axe (weapon)
Armour
 a - the +9 scales of the Dragon King (worn) {rPois rF+ rC+ Will+}
   (You bought it in a shop on level 4 of the Dungeon)

   It protects you from fire.
   It protects you from cold.
   It protects you from poison.
   It affects your willpower, your defense against some magical effects.
 v - a +2 pair of gloves of strength (worn)
 y - a +2 pair of boots of running (worn)
 z - the +2 shield of Resistance {rF++ rC++ Will++}
   (You took it off a deep elf high priest on level 5 of the Vaults)

   It greatly protects you from fire.
   It greatly protects you from cold.
   It affects your willpower, your defense against some magical effects.
 P - a scarf of resistance (worn)
 X - the +2 kite shield of Taedey (worn) {rElec Stlth+}
   (You bought it in a shop on level 10 of the Dungeon)

   It insulates you from electricity.
   It makes you more stealthy.
Jewellery
 c - a ring of resist corrosion (left hand)
 E - an uncursed ring of protection from fire
 G - an amulet of reflection (around neck)
 T - the ring of Gatanoni (right hand) {Will+ MP+9}
   (You found it on level 1 of the Shoals)

   [ring of magical power]

   It affects your willpower, your defense against some magical effects.
   It affects your magic capacity (+9).
Wands
 d - a wand of random effects (38)
 h - a wand of enslavement (20)
 k - a wand of iceblast (71)
 r - a wand of flame (142)
 u - a wand of polymorph (32)
 D - a wand of paralysis (11)
 L - a wand of digging (18)
 S - a wand of acid (9)
Scrolls
 b - 5 scrolls of immolation
 f - 13 scrolls of fog
 g - 13 scrolls of identify
 i - 22 scrolls of teleportation
 m - 9 scrolls of magic mapping
 s - a scroll of fear
 F - 4 scrolls of remove curse
 H - 2 scrolls of holy word
 O - 5 scrolls of enchant armour
 W - 3 scrolls of summoning
Potions
 e - 12 potions of flight
 l - 7 potions of curing
 q - 7 potions of magic
 t - 5 potions of lignification
 w - a potion of experience
 x - a potion of invisibility
 A - 8 potions of might
 B - 14 potions of ambrosia
 K - 2 potions of resistance
 N - 3 potions of mutation
 U - 3 potions of haste
Books
 J - a manual of Maces & Flails
Miscellaneous
 j - a box of beasts (inert)
 C - a phial of floods
 Q - a tin of tremorstones (2/2)
 Y - a condenser vane (inert)
 Z - a lightning rod (4/4)


   Skills:
 + Level 24.9 Fighting
 + Level 24.9 Axes
 + Level 24.7 Armour
 + Level 23.1 Dodging
 + Level 24.6 Shields
 - Level 16.1 Evocations


You had 26 spell levels left.
You didn't know any spells.
Your spell library was empty.

Dungeon Overview and Level Annotations

Branches:
Dungeon (15/15)            Temple (0/1) D:7            Lair (6/6) D:9
 Shoals (4/4) Lair:2        Snake (4/4) Lair:2        Slime (5/5) Lair:6
    Orc (2/2) D:10            Elf (3/3) Orc:2        Vaults (5/5) D:13
  Crypt (0/3) Vaults:3     Depths (5/5) D:15            Zot (5/5) Depths:5

Altars:
Ashenzari
Cheibriados
Dithmenos
Elyvilon
Gozag
Hepliaklqana
Kikubaaqudgha
Nemelex Xobeh
Okawaru
Qazlal
Sif Muna
Trog
Vehumet
Wu Jian
Xom
Zin
Beogh

Shops:
D:4 }[[[*   D:5 =   D:6 *   D:9 :   D:10 [   D:11 [   D:12 *   Orc:2 [[}([?!=
Elf:2 *   Shoals:1 (   Shoals:3 (   Snake:3 =:[   Vaults:1 [   Vaults:3 (
Depths:1 =   Depths:3 *==}   Depths:4 :(**

Portals:
Hell: Depths:1 Depths:2 Depths:3 Depths:4 Depths:5
Abyss: D:13 Depths:2 Depths:4
Pandemonium: Depths:2 Depths:3
Ziggurat: Depths:1

Annotations:
D:9 2 transporters, buriedalive's ghost, novice DEIE
D:13 2 transporters, Xyddest's ghost, journeyman OpFi
Shoals:3 3 runed translucent doors, Amuaxidi's ghost, adept FoCK; KappaVara's ghost, adept DsFi; Kuem's ghost, adept DsMo; Tyaxaf's ghost, adept NaDe
Snake:3 1 transporter
Slime:5 Royal Jelly


Innate Abilities, Weirdness & Mutations

You reflexively headbutt those who attack you in melee.
You have a pair of horns on your head.
You have sharp toenails.
You are partially covered in iridescent scales. (AC +2)
Scrolls take you a little longer to read.
Your body often deteriorates upon taking damage.
You are dopey. (Int -2)
You are frail. (-10% HP)
You occasionally shout uncontrollably at your foes.
You do not regenerate when monsters are visible.
Your spells are a little easier to cast, but a little less powerful.
You expend magic power (3 MP) to strengthen your wands.


Message History

* * * LOW HITPOINT WARNING * * *
You block the acid blob's attack.
The death ooze hits you but does no damage.
The death ooze closely misses you.
You begin reading the scroll.
You continue reading the scroll.
You block the acid blob's attack. The acid blob hits you!
* * * LOW HITPOINT WARNING * * *
You are splashed with acid.
You resist.
* * * LOW HITPOINT WARNING * * *
You block the Royal Jelly's attack. The Royal Jelly hits you!
* * * LOW HITPOINT WARNING * * *
You are splashed with acid.
You resist.
* * * LOW HITPOINT WARNING * * *
The azure jelly hits you but does no damage. x2
The azure jelly closely misses you. The azure jelly barely misses you.
The acid blob spits acid at you. The splash of acid hits you. You resist.
* * * LOW HITPOINT WARNING * * *
You are splashed with acid.
You resist.
You die...

##............
#................
##......J..........
#...................
#....................
#.......J.J..........#
#......JJJ...........#
#.....JJJJJ..........#
##....J@JJJJ.........##
#....JJJJJ...^.......##
##.....J...............
#.....................
##....................
#.........<............
#.....#................
#...######.............
##.# #.#...........


You could see the Royal Jelly, 8 acid blobs, 4 azure jellies, 3 slime creatures
and 6 death oozes.

Vanquished Creatures
  Tiamat (Zot:3)
  2 ancient liches (Zot:4)
  7 orbs of fire
  Mara (Depths:4)
  Saint Roka (Depths:3)
  Margery (Depths:4)
  6 Killer Klowns
  Xtahua (Vaults:5)
  4 curse toes
  5 golden dragons
  Nikola (Shoals:2)
  5 electric golems
  3 liches
  Jorgrun (D:14)
  19 tentacled monstrosities
  A deep elf master archer (Elf:3)
  25 Orb Guardians
  5 quicksilver dragons
  14 acid blobs
  8 death cobs
  3 titans (Vaults:5)
  A deep elf blademaster (Elf:3)
  5 sphinxes
  Polyphemus (Shoals:2)
  12 shadow dragons
  Kirke (Snake:3)
  Agnes (Snake:2)
  3 krakens
  17 storm dragons
  6 azure jellies
  15 draconian monks
  An ancient champion (Vaults:3)
  Donald (Shoals:4)
  3 draconian knights
  8 tengu reavers
  5 nagarajas (Snake:4)
  13 vault wardens
  11 fire giants
  11 deep elf sorcerers
  7 draconian scorchers
  An iron dragon (Depths:3)
  12 frost giants
  9 draconian shifters
  2 draconian stormcallers
  2 ghost moths
  5 deep elf elementalists
  A spriggan defender (Depths:4)
  2 orc warlords
  A war gargoyle (Vaults:5)
  10 ironheart preservers
  A stone giant (shapeshifter) (Vaults:5)
  22 stone giants
  8 draconian annihilators
  25 very ugly things
  15 green draconians
  2 dire elephants (Lair:6)
  3 deep elf demonologists
  4 vampire knights
  15 red draconians
  2 entropy weavers
  Nessos (Lair:5)
  Azrael (Elf:2)
  12 black draconians
  13 deep elf annihilators
  15 purple draconians
  8 yellow draconians
  6 spark wasps
  20 white draconians
  2 small abominations (Vaults:3)
  8 merfolk javelineers
  An eidolon (Vaults:3)
  9 ettins
  An ettin (shapeshifter) (Vaults:5)
  6 death oozes
  8 deep elf death magi
  15 fire dragons
  A blizzard demon (Depths:3)
  A crystal guardian (Vaults:3)
  18 yaktaur captains
  8 merfolk impalers
  26 vault guards
  6 deep elf high priests
  10 great orbs of eyes
  8 rakshasas
  9 hydras
  17 naga warriors
  A hell beast (Depths:5)
  7 boulder beetles
  A peacekeeper (Vaults:3)
  4 spriggan air magi
  6 merfolk avatars
  2 alligator snapping turtles (Shoals:4)
  20 ice dragons
  14 anacondas
  3 catoblepae
  A hydra (shapeshifter) (Depths:3)
  18 centaur warriors
  A merfolk aquamancer (Shoals:4)
  A satyr (shapeshifter) (Vaults:5)
  An alligator (Lair:6)
  3 death knights
  26 dancing weapons
  32 two-headed ogres
  23 deep troll shamans
  5 tengu warriors
  3 orc high priests
  A vampire mage (Depths:3)
  6 death yaks
  14 ogre magi
  9 deep troll earth magi
  Urug (D:12)
  23 naga sharpshooters
  Sonja (Lair:5)
  13 spriggan berserkers
  17 hell knights
  A sun demon (Depths:2)
  23 deep elf knights
  4 shock serpents
  2 salamander mystics
  2 shadow wraiths (Vaults:2)
  11 iron trolls
  3 flayed ghosts
  30 deep trolls
  An unseen horror (shapeshifter) (D:15)
  16 deep elf archers
  20 sea snakes
  A deep troll (shapeshifter) (Depths:4)
  4 unseen horrors
  9 naga ritualists
  2 orange crystal statues
  An infernal demonspawn (Depths:3)
  14 ironbrand convokers
  7 glowing orange brains
  A harpy (shapeshifter) (Depths:4)
  A death drake (shapeshifter) (Vaults:2)
  5 wizards
  Pikel (D:9)
  10 orc knights
  4 phantasmal warriors
  14 necromancers
  An orb spider (shapeshifter) (Depths:1)
  57 deep elf magi
  A wolf spider (Vaults:2)
  26 harpies
  A fire giant zombie (Vaults:2)
  4 mana vipers
  3 shining eyes
  A faun (shapeshifter) (Vaults:5)
  53 ugly things
  8 salamanders
  10 manticores
  26 moths of wrath
  5 orc sorcerers
  2 tengu skeletons
  9 cyclopes
  11 fauns
  2 stone giant skeletons (Vaults:2)
  3 salamanders (shapeshifter)
  27 naga magi
  6 water nymphs
  An elephant (shapeshifter) (Vaults:5)
  A guardian serpent (shapeshifter) (Vaults:3)
  33 black mambas
  8 merfolk sirens
  A rust devil (Depths:5)
  An eye of devastation (Slime:4)
  4 elephants (Lair:6)
  2 orange demons
  8 guardian serpents
  2 torpor snails
  5 centaur skeletons
  2 gargoyles
  A smoke demon (Depths:4)
  8 cane toads
  15 vault sentinels
  4 kobold demonologists
  63 yaktaurs
  13 komodo dragons
  2 freezing wraiths
  6 tengu conjurers
  An ice devil (Depths:5)
  A hellwing (Depths:3)
  3 trolls (shapeshifter)
  28 merfolk
  2 red devils
  2 jumping spiders (shapeshifter)
  8 wind drakes
  8 trolls
  A queen bee (D:14)
  2 polar bears
  A polar bear (shapeshifter) (Vaults:2)
  3 meliai (D:14)
  8 hornets
  3 saltlings (Vaults:3)
  94 slime creatures
  21 blink frogs
  4 dream sheep
  10 snapping turtles
  4 air elementals
  A redback (shapeshifter) (Depths:3)
  A shadow (D:15)
  A vampire (D:15)
  5 spriggans
  10 water elementals
  4 hogs (Snake:3)
  4 redbacks
  A tarantella (shapeshifter) (Depths:3)
  A tarantella (Vaults:4)
  3 wyverns
  Eustachio (D:4)
  A hog (shapeshifter) (Depths:4)
  6 wraiths
  A basilisk (shapeshifter) (Vaults:2)
  4 basilisks
  45 yaks
  5 fire elementals
  2 golden eyes (Slime:5)
  2 chaos spawn
  4 vampire mosquitoes (D:14)
  A warg (shapeshifter) (Depths:3)
  59 nagas
  A soldier ant (shapeshifter) (Vaults:1)
  4 wargs
  2 floating eyes
  5 hell hounds (Elf:2)
  An acid dragon (Vaults:2)
  A deep troll zombie (Vaults:2)
  24 water moccasins
  A floating eye (shapeshifter) (Vaults:5)
  Duvessa (D:4)
  4 ice beasts
  7 sky beasts
  2 black bears
  2 elf zombies (Vaults:2)
  54 orc warriors
  A hornet zombie (D:13)
  5 eyes of draining
  A sky beast (shapeshifter) (D:14)
  15 boggarts
  10 wolves
  An eye of draining (shapeshifter) (Vaults:5)
  31 ogres
  2 phantoms
  2 necrophages
  A centaur (shapeshifter) (Vaults:2)
  12 centaurs
  7 big kobolds
  2 lemures (D:9)
  20 bullfrogs
  A glowing shapeshifter simulacrum (Vaults:2)
  Dowan (D:4)
  A water moccasin zombie (D:12)
  4 scorpions
  29 killer bees
  3 electric eels (Snake:3)
  7 howler monkeys
  17 wights
  4 crimson imps
  3 bullfrog zombies
  4 centaur zombies
  9 hounds
  A quasit (Abyss:4)
  2 human simulacra
  8 jellies
  30 orc priests
  A bullfrog skeleton (D:11)
  2 iguanas
  Ijyb (D:4)
  37 orc wizards
  2 hell rats (Lair:4)
  12 worker ants
  A hound zombie (D:8)
  2 worker ant zombies
  A howler monkey skeleton (D:11)
  8 river rats (Lair:4)
  25 adders
  5 white imps
  An ufetubus (D:7)
  3 oozes
  2 dart slugs
  2 leopard geckos
  110 orcs
  5 bats
  7 giant cockroaches
  7 hobgoblins
  5 jackals
  3 quokkas
  5 frilled lizards
  6 goblins
  2 jackal skeletons
  14 kobolds
  A leopard gecko skeleton (D:4)
  5 rats
  7 tentacles
2479 creatures vanquished.

Vanquished Creatures (collateral kills)
  Sojobo (Vaults:4)
  Bai Suzhen (Vaults:2)
  Gastronok (D:11)
  A tengu reaver (Vaults:4)
  2 storm dragons
  An azure jelly (Slime:5)
  A nagaraja (Snake:4)
  A vault warden (Vaults:5)
  3 dire elephants (Lair:6)
  A deep elf demonologist (Vaults:3)
  2 white draconians (Depths:5)
  A merfolk javelineer (Shoals:4)
  A yaktaur captain (Vaults:5)
  2 merfolk impalers
  Harold (D:11)
  A deep elf high priest (Elf:3)
  A vault guard (Vaults:2)
  A catoblepas (Shoals:2)
  An alligator snapping turtle (Shoals:4)
  A two-headed ogre (Vaults:3)
  A death yak (Shoals:2)
  An orc high priest (Orc:2)
  A flayed ghost (Depths:3)
  2 orc knights (Orc:2)
  An orc sorcerer (Orc:2)
  2 manticores
  A moth of wrath (Zot:1)
  A cyclops (D:11)
  A merfolk siren (Shoals:4)
  A vault sentinel (Vaults:2)
  A water nymph (Shoals:4)
  A freezing wraith (Vaults:5)
  2 yaktaurs
  A tormentor (Depths:2)
  An ice devil (Depths:2)
  A wind drake (Shoals:4)
  5 slime creatures
  A spriggan (Depths:5)
  A wyvern (D:11)
  2 nagas
  6 orc warriors
  An ogre (D:11)
  A scorpion (D:11)
  An orc (D:11)
62 creatures vanquished.

Vanquished Creatures (others)
  A tentacled monstrosity (Zot:4)
  A lich (Vaults:5)
  A draconian annihilator (Zot:5)
  An ironheart preserver (Vaults:2)
  A red draconian (Zot:4)
  A deep elf annihilator (Elf:3)
  A merfolk aquamancer (Shoals:4)
  3 deep elf knights
  A shadow wraith (Vaults:3)
  A necromancer (Depths:2)
  A manticore (Shoals:4)
  A moth of wrath (Zot:4)
  A merfolk (Shoals:2)
  2 humans (Snake:3)
  A naga (Snake:4)
  3 boggarts
  A shadow imp (D:7)
  A giant cockroach (D:7)
  31 fungi
  113 plants
  36 tentacles
  2 withered plants (Shoals:3)
205 creatures vanquished.

Grand Total: 2746 creatures vanquished

Notes
Turn   | Place    | Note
-------+----------+-------------------------------------------
     0 | D:1      | dtburroughs the Minotaur Berserker began the quest for the
                  | Orb.
     0 | D:1      | Reached XP level 1. HP: 19/19 MP: 0/0
   237 | D:1      | Reached XP level 2. HP: 22/27 MP: 1/1
   529 | D:1      | Reached skill level 1 in Shields
   848 | D:2      | Found a shadowy altar of Dithmenos.
   934 | D:2      | Reached XP level 3. HP: 33/33 MP: 2/2
   977 | D:2      | Reached ** piety under Trog
  1001 | D:2      | You fall into a shaft and drop 2 floors!
  1228 | D:2      | Reached XP level 4. HP: 23/40 MP: 3/3
  2319 | D:3      | Found a hazy altar of Hepliaklqana.
  2415 | D:3      | Found a faded altar of an unknown god.
  2606 | D:4      | Found Bizxieg's General Store.
  2625 | D:4      | Noticed a bullfrog
  2630 | D:4      | Noticed Eustachio
  2652 | D:3      | Killed a bullfrog
  2653 | D:3      | Reached XP level 5. HP: 15/47 MP: 4/4
  2875 | D:4      | Killed Eustachio
  2876 | D:4      | Reached skill level 5 in Fighting
  2876 | D:4      | Reached skill level 5 in Axes
  2876 | D:4      | Reached XP level 6. HP: 56/56 MP: 5/5
  2897 | D:4      | Found Esoixi's Antique Armour Boutique.
  2906 | D:4      | Found Gadu's Antique Armour Boutique.
  2906 | D:4      | Found Maziek's Gadget Boutique.
  2906 | D:4      | Found Xusyollaa's Armour Boutique.
  2949 | D:4      | Bought a +1 pair of gloves of strength for 165 gold pieces
  3113 | D:4      | Found a broken altar of Ashenzari.
  3236 | D:4      | Found a glowing silver altar of Zin.
  3261 | D:4      | Noticed Ijyb
  3269 | D:4      | Killed Ijyb
  3357 | D:4      | Reached *** piety under Trog
  3359 | D:4      | Noticed Duvessa
  3387 | D:4      | Noticed Dowan
  3390 | D:4      | Killed Duvessa
  3391 | D:4      | Reached XP level 7. HP: 49/61 MP: 6/6
  3412 | D:4      | HP: 3/61 [poisoned by Duvessa]
  3413 | D:4      | HP: 1/61 [Dowan/+0 spear (2)]
  3681 | D:4      | Killed Dowan
  3713 | D:4      | Found an iron altar of Okawaru.
  3717 | D:4      | Found an ornate altar of the Wu Jian Council.
  3722 | D:4      | Found a stormy altar of Qazlal.
  3804 | D:4      | Found a sparkling altar of Nemelex Xobeh.
  3896 | D:5      | Entered Level 5 of the Dungeon
  4013 | D:5      | Reached skill level 5 in Armour
  4098 | D:5      | Found Dub Imol's Jewellery Boutique.
  4644 | D:6      | Reached skill level 5 in Dodging
  4644 | D:6      | Reached XP level 8. HP: 70/70 MP: 7/7
  4781 | D:6      | Reached skill level 5 in Shields
  5047 | D:6      | Found a stormy altar of Qazlal.
  5678 | D:6      | Found Ican's General Store.
  6146 | D:7      | Reached XP level 9. HP: 76/79 MP: 8/8
  6250 | D:7      | Found a radiant altar of Vehumet.
  6541 | D:7      | Found a staircase to the Ecumenical Temple.
  6588 | D:7      | Reached **** piety under Trog
  7656 | D:7      | Got an encrusted plate armour
  7695 | D:7      | Identified the +11 plate armour "Rogrogr Boup" {*Drain
                  | Int+4} (You found it on level 7 of the Dungeon)
  8177 | D:8      | Found the ring of the Octopus King
  8196 | D:8      | Got a ring of the Octopus King
  8611 | D:8      | Found a shimmering altar of Xom.
  8611 | D:8      | Found a shimmering altar of Xom.
  8611 | D:8      | Found a shimmering altar of Xom.
  8611 | D:8      | Found a shimmering altar of Xom.
  8611 | D:8      | Found a shimmering altar of Xom.
  8611 | D:8      | Found a shimmering altar of Xom.
  8625 | D:8      | Found a shimmering altar of Xom.
  8813 | D:9      | Found a transporter.
  8961 | D:9      | Reached XP level 10. HP: 90/90 MP: 9/9
  8967 | D:9      | Found a white marble altar of Elyvilon.
  9015 | D:9      | Noticed Pikel
  9043 | D:9      | Killed Pikel
  9044 | D:9      | Reached skill level 1 in Evocations
  9160 | D:9      | Found a staircase to the Lair.
  9433 | D:9      | Found Xitef's Book Shop.
  9579 | D:9      | Got a pitted ring mail
  9660 | D:9      | Found a transporter.
  9661 | D:9      | Noticed buriedalive's ghost (novice DEIE)
  9662 | D:9      | Noticed a two-headed ogre
  9663 | D:9      | Identified the cursed +0 dire flail "Zomaos" {drain, +Inv}
  9663 | D:9      | Noticed a two-headed ogre
  9663 | D:9      | Noticed a two-headed ogre
  9694 | D:10     | Entered Level 10 of the Dungeon
  9701 | D:10     | Reached ***** piety under Trog
  9831 | D:10     | Found Aseufoh's Armour Shoppe.
  9837 | D:10     | Noticed an orc knight
  9874 | D:10     | Killed an orc knight
 10232 | D:10     | Found a staircase to the Orcish Mines.
 10234 | D:10     | You fall into a shaft and drop 2 floors!
 10506 | D:11     | Noticed Harold
 10506 | D:11     | Noticed a cyclops
 10513 | D:11     | Killed Harold
 10519 | D:11     | Killed a cyclops
 10520 | D:11     | Noticed a manticore
 10523 | D:11     | Killed a manticore
 10535 | D:11     | Noticed a purple ugly thing
 10539 | D:11     | Noticed Gastronok
 10605 | D:10     | Bought the +2 kite shield of Taedey {rElec Stlth+} for 375
                  | gold pieces
 10776 | D:10     | Got an encrusted mace
 10777 | D:10     | Identified the cursed +1 mace of Fate {freeze, +Inv} (You
                  | found it on level 10 of the Dungeon)
 10783 | D:10     | Identified a ring of the Octopus King {rC+ AC+1 EV+1 Str+1
                  | Int+1 Dex+1} (You found it on level 8 of the Dungeon)
 10866 | D:10     | Reached XP level 11. HP: 81/97 MP: 10/10
 11289 | D:11     | Found a bloodstained altar of Trog.
 11602 | D:11     | Killed Gastronok
 11603 | D:11     | Reached skill level 10 in Axes
 11701 | D:11     | Reached skill level 10 in Fighting
 11775 | D:11     | Killed a purple ugly thing
 12049 | D:11     | Found a roughly hewn altar of Beogh.
 12244 | D:11     | Noticed a centaur warrior
 12258 | D:11     | Killed a centaur warrior
 12259 | D:11     | Reached skill level 10 in Armour
 12278 | D:11     | Found Lagenojo's Antique Armour Shop.
 12449 | Lair:1   | Entered Level 1 of the Lair of Beasts
 12457 | Lair:1   | Noticed an eight-headed hydra
 12474 | Lair:1   | Killed an eight-headed hydra
 12591 | Lair:1   | Noticed a seven-headed hydra
 12608 | Lair:1   | Killed a seven-headed hydra
 12795 | Lair:1   | Reached skill level 10 in Shields
 12795 | Lair:1   | Reached XP level 12. HP: 108/108 MP: 11/11
 12800 | Lair:1   | Reached skill level 5 in Evocations
 12821 | Lair:1   | Noticed an eight-headed hydra
 12826 | Lair:1   | Killed an eight-headed hydra
 13655 | Lair:1   | Noticed a fire dragon
 13664 | Lair:1   | Killed a fire dragon
 13665 | Lair:1   | Reached skill level 10 in Dodging
 13688 | Lair:1   | Got a brightly glowing hand axe
 13694 | Lair:1   | Identified the +10 hand axe of Cowardice {vorpal, Fragile
                  | rPois Dex-3 SInv} (You found it on level 1 of the Lair of
                  | Beasts)
 13999 | Lair:2   | Found a staircase to the Shoals.
 14263 | Lair:2   | Found the +3 salamander hide armour {Flames rF++ rC--}
 14765 | Lair:2   | Found a staircase to the Snake Pit.
 15183 | Lair:3   | Noticed a catoblepas
 15192 | Lair:3   | Killed a catoblepas
 16358 | Lair:4   | Received a gift from Trog
 16744 | Lair:4   | Reached XP level 13. HP: 101/117 MP: 12/12
 17006 | Lair:4   | Found the +8 whip "Snakebite" {curare, rPois}
 17318 | Lair:5   | Noticed Nessos
 17331 | Lair:5   | Killed Nessos
 17568 | Lair:5   | Noticed Sonja
 17583 | Lair:5   | Killed Sonja
 18253 | Lair:6   | Entered Level 6 of the Lair of Beasts
 18571 | Lair:6   | Received a gift from Trog
 19176 | Lair:6   | Found a staircase to the Slime Pits.
 19284 | Lair:6   | Reached XP level 14. HP: 127/127 MP: 13/13
 20763 | D:13     | Found a gate to the Vaults.
 20763 | D:13     | Noticed an ironheart preserver
 20775 | D:13     | Killed an ironheart preserver
 20828 | D:13     | Found a one-way gate to the infinite horrors of the Abyss.
 20828 | D:13     | Noticed Xyddest's ghost (journeyman OpFi)
 20842 | D:13     | Noticed an Executioner
 20846 | D:13     | Identified the +9 battleaxe "Xereeff" {distort, rElec rF+
                  | MP+9 Dex+4}
 20867 | D:13     | Found a transporter.
 20883 | D:13     | Found a transporter.
 20970 | D:13     | Received a gift from Trog
 21700 | Snake:1  | Entered Level 1 of the Snake Pit
 22474 | Snake:1  | Reached XP level 15. HP: 74/137 MP: 14/14
 22620 | Snake:1  | Got a scorched scale mail
 23087 | Snake:2  | Identified the +5 scale mail of Huobbim {rF+} (You found it
                  | on level 1 of the Snake Pit)
 23209 | Snake:2  | Noticed Agnes
 23232 | Snake:2  | Killed Agnes
 23291 | Snake:2  | Received a gift from Trog
 25034 | Snake:3  | Noticed Kirke
 25046 | Snake:3  | Received a gift from Trog
 25052 | Snake:3  | Killed Kirke
 25344 | Snake:3  | Found Qoefed's Antique Armour Boutique.
 25346 | Snake:3  | Found Oxupevac's Book Shop.
 25349 | Snake:3  | Found Noutiucw's Jewellery Boutique.
 25776 | Snake:3  | Noticed a nagaraja
 25787 | Snake:3  | Reached XP level 16. HP: 147/147 MP: 15/15
 25964 | Snake:3  | Reached skill level 10 in Evocations
 26104 | Snake:3  | Found a radiant altar of Vehumet.
 26108 | Snake:3  | Found a transporter.
 26116 | Snake:3  | Identified the +11 rapier "Spider's Nightmare" {protect,
                  | rPois Str+2 Int-2}
 26486 | Snake:4  | Entered Level 4 of the Snake Pit
 27369 | Snake:4  | Found an opulent altar of Gozag.
 28098 | Snake:4  | Received a gift from Trog
 28101 | Snake:4  | Got a bloodstained flail {god gift}
 28651 | Snake:4  | Reached skill level 15 in Axes
 28825 | Snake:4  | Reached skill level 15 in Fighting
 30245 | Snake:4  | Reached skill level 15 in Armour
 30992 | Snake:4  | Got a serpentine rune of Zot
 31206 | Lair:1   | Identified the +12 flail of Zofucuha {flame, Str+9 Dex+2}
                  | (Trog gifted it to you on level 4 of the Snake Pit)
 31261 | Shoals:1 | Entered Level 1 of the Shoals
 31281 | Shoals:1 | Received a gift from Trog
 31409 | Shoals:1 | Reached skill level 15 in Shields
 31730 | Shoals:1 | Got a translucent amber ring
 31826 | Shoals:1 | Reached XP level 17. HP: 99/156 MP: 5/16
 31921 | Shoals:1 | Noticed a kraken
 31961 | Shoals:1 | Killed a kraken
 32086 | Shoals:1 | Found Wedghy's Weapon Boutique.
 32284 | Shoals:2 | Noticed Nikola
 32300 | Shoals:2 | Killed Nikola
 32503 | Shoals:2 | Noticed Polyphemus
 32518 | Shoals:2 | Killed Polyphemus
 33219 | Shoals:2 | Received a gift from Trog
 33715 | Shoals:3 | Found a runed translucent gate.
 33715 | Shoals:3 | Found a runed translucent gate.
 33715 | Shoals:3 | Found a runed translucent gate.
 33843 | Shoals:3 | Found Rextel's Weapon Emporium.
 33850 | Shoals:3 | Noticed KappaVara's ghost (adept DsFi)
 33850 | Shoals:3 | Noticed Kuem's ghost (adept DsMo)
 33851 | Shoals:3 | Noticed Amuaxidi's ghost (adept FoCK)
 33852 | Shoals:3 | Noticed Tyaxaf's ghost (adept NaDe)
 34624 | Shoals:3 | Noticed a kraken
 34649 | Shoals:3 | Killed a kraken
 34870 | Shoals:4 | Entered Level 4 of the Shoals
 35216 | Shoals:4 | Received a gift from Trog
 35555 | Shoals:4 | Noticed Donald
 35571 | Shoals:4 | Killed Donald
 35588 | Shoals:4 | Identified the ring of Gatanoni {Will+ MP+9} (You found it
                  | on level 1 of the Shoals)
 35679 | Shoals:4 | Identified 2 scrolls of acquirement
 35697 | Shoals:4 | Acquired 770 gold pieces
 35701 | Shoals:4 | Acquired 1006 gold pieces
 36040 | D:4      | Bought the +9 scales of the Dragon King {rPois rF+ rC+
                  | Will+} for 2995 gold pieces
 36040 | D:4      | Found the +9 scales of the Dragon King {rPois rF+ rC+
                  | Will+}
 36483 | Shoals:4 | Got a steaming plate armour
 36496 | Shoals:4 | Identified the cursed +1 plate armour of Midsummer {rElec
                  | Will+ Str-3} (You found it on level 4 of the Shoals)
 36939 | Shoals:4 | Reached XP level 18. HP: 83/150 MP: 8/17
 37307 | Shoals:4 | Reached skill level 15 in Dodging
 37913 | Shoals:4 | Got a barnacled rune of Zot
 38187 | Vaults:1 | Entered Level 1 of the Vaults
 38264 | Vaults:1 | Found Miwkaq's Armour Emporium.
 38270 | Vaults:1 | Found an ancient bone altar of Kikubaaqudgha.
 39151 | Vaults:1 | Reached ****** piety under Trog
 39390 | Vaults:1 | Received a gift from Trog
 40097 | Vaults:2 | Found a flickering gateway to a bazaar.
 40175 | Bazaar   | Entered a bazaar
 40175 | Bazaar   | Found Noont's Antique Weapon Emporium.
 40238 | Bazaar   | Found Rerog's Antique Armour Shoppe.
 40243 | Bazaar   | Found Wariot's Magic Scroll Emporium.
 40248 | Bazaar   | Found Gohuvet's Antique Weapon Shoppe.
 40285 | Bazaar   | Found Wur Neel's General Store.
 40456 | Vaults:2 | Noticed Bai Suzhen
 40470 | Vaults:2 | Killed Bai Suzhen
 40746 | Vaults:2 | Reached XP level 19. HP: 174/177 MP: 9/18
 41090 | Vaults:2 | Received a gift from Trog
 42062 | Vaults:2 | Received a gift from Trog
 42564 | Vaults:3 | Found Pijofi Cefarr's Antique Weapon Boutique.
 43613 | Vaults:3 | Noticed a Tzitzimitl
 44036 | Vaults:3 | Found a shimmering altar of Xom.
 44171 | Vaults:3 | Reached XP level 20. HP: 187/187 MP: 9/19
 44579 | Vaults:3 | Found a staircase to the Crypt.
 45097 | Vaults:4 | Received a gift from Trog
 45794 | Vaults:4 | Acquired the +11 eveningstar of Charity {venom, Stlth+}
 46088 | Vaults:4 | Noticed Sojobo
 46156 | Vaults:4 | Killed Sojobo
 48736 | Orc:1    | Entered Level 1 of the Orcish Mines
 48985 | Orc:2    | Entered Level 2 of the Orcish Mines
 49003 | Orc:2    | Found a staircase to the Elven Halls.
 49013 | Orc:2    | Found Cicot's Distillery.
 49106 | Orc:2    | Found Gullioj's Armour Boutique.
 49110 | Orc:2    | Found Yvvivodi's Jewellery Shoppe.
 49218 | Orc:2    | Found a roughly hewn altar of Beogh.
 49432 | Orc:2    | Received a gift from Trog
 49656 | Orc:2    | Found Desinio's Antique Armour Shoppe.
 49657 | Orc:2    | Found Soirren's Antique Armour Shop.
 49773 | Orc:2    | Found Ynionuv's Magic Scroll Shop.
 50008 | Orc:2    | Found Siqoaf's Antique Armour Emporium.
 50027 | Orc:2    | Found Diala's Antique Weapon Emporium.
 50028 | Orc:2    | Found Elava's Gadget Shop.
 50212 | Orc:1    | Found a roughly hewn altar of Beogh.
 51236 | D:14     | Received a gift from Trog
 51279 | D:14     | Noticed Jorgrun
 51296 | D:14     | Killed Jorgrun
 52087 | D:15     | Entered Level 15 of the Dungeon
 52087 | D:15     | Found an opulent altar of Gozag.
 52430 | D:15     | Reached XP level 21. HP: 195/195 MP: 20/20
 52538 | D:15     | Found a snail-covered altar of Cheibriados.
 52962 | D:15     | Found a staircase to the Depths.
 52975 | Depths:1 | Entered Level 1 of the Depths
 53067 | Depths:1 | Received a gift from Trog
 53742 | Depths:1 | Found a gateway to Hell.
 53921 | Depths:1 | Found Zitoqy Efege's Jewellery Boutique.
 54669 | Depths:1 | Found a gateway to a ziggurat.
 54684 | Depths:1 | Paralysed by a floating eye for 3 turns
 54831 | Depths:1 | Paralysed by a floating eye for 2 turns
 54994 | Depths:1 | Got a shimmering ring mail
 55006 | Depths:1 | Got a pitted steel ring
 55144 | Depths:1 | Paralysed by a floating eye for 3 turns
 55154 | Depths:1 | Paralysed by a floating eye for 3 turns
 56005 | Depths:2 | Received a gift from Trog
 56019 | Depths:2 | Found the +7 captain's cutlass {speed, disarm}
 56042 | Depths:2 | Identified the +0 ring mail of Impatience {rC- Int+6} (You
                  | found it on level 1 of the Depths)
 56045 | Depths:2 | Identified the ring of Noyj Keples {+Fly rF+ Will- SInv}
                  | (You found it on level 1 of the Depths)
 56526 | Depths:2 | Found a one-way gate leading to the halls of Pandemonium.
 57722 | Depths:3 | Found Tiroofea's Gadget Shoppe.
 57722 | Depths:3 | Found Lihit's Jewellery Boutique.
 57723 | Depths:3 | Found Aqat's Jewellery Boutique.
 57789 | Depths:3 | Paralysed by a floating eye for 2 turns
 58111 | Depths:3 | Received a gift from Trog
 58391 | Depths:3 | Reached XP level 22. HP: 195/206 MP: 10/21
 58694 | Depths:3 | Found Peess's Assorted Antiques.
 58782 | Depths:3 | Noticed Saint Roka
 58817 | Depths:3 | Killed Saint Roka
 59204 | Depths:3 | Received a gift from Trog
 59634 | Depths:3 | Reached skill level 15 in Evocations
 60314 | Depths:4 | Noticed Margery
 60382 | Depths:4 | Killed Margery
 60497 | Depths:4 | Noticed a golden dragon
 60938 | Depths:4 | Received a gift from Trog
 61045 | Depths:4 | Got a jewelled flail
 61046 | Depths:4 | Identified the +7 flail "Qetwiuz" {flame, *Contam rN++
                  | Will+ Int+2} (You found it on level 4 of the Depths)
 61083 | Depths:4 | Gained mutation: You are weak. (Str -2) [mutagenic glow]
 61094 | Depths:4 | Noticed Mara
 61097 | Depths:4 | Noticed dtburroughs's illusion
 61146 | Depths:4 | Noticed dtburroughs's illusion
 61160 | Depths:4 | Killed Mara
 61294 | Depths:4 | Found Cipsuy's General Store.
 61297 | Depths:4 | Found Pycreux's Assorted Antiques.
 61297 | Depths:4 | Found Vumaet's Antique Weapon Boutique.
 61300 | Depths:4 | Found Yremalih's Book Boutique.
 61765 | Depths:4 | Reached XP level 23. HP: 212/215 MP: 7/22
 62175 | Depths:5 | Entered Level 5 of the Depths
 63624 | Depths:5 | Received a gift from Trog
 63759 | Depths:5 | Found a gate to the Realm of Zot.
 64278 | Depths:5 | Got a twisted war axe
 65388 | Lair:1   | Identified the +6 war axe "Xoptoqof" {vorpal, rF- Int+2
                  | Dex+3} (You found it on level 5 of the Depths)
 65486 | Orc:2    | Bought a scroll of blinking for 105 gold pieces
 65486 | Orc:2    | Bought a scroll of blinking for 105 gold pieces
 65498 | Orc:2    | Bought a wand of digging (3) for 182 gold pieces
 65732 | D:4      | Bought a wand of digging (4) for 192 gold pieces
 66042 | D:12     | Found Roschea's General Store.
 66621 | D:12     | Noticed Urug
 66633 | D:12     | Killed Urug
 66709 | D:12     | Found a shimmering blue altar of Sif Muna.
 66950 | D:5      | Bought the ring "Eskif" {rPois Int-2 Dex+2 SInv} for 468
                  | gold pieces
 67159 | Elf:1    | Entered Level 1 of the Elven Halls
 67263 | Elf:1    | Received a gift from Trog
 68748 | Elf:2    | Found a runed translucent gate.
 68748 | Elf:2    | Found a runed translucent gate.
 68748 | Elf:2    | Found a runed translucent gate.
 68858 | Elf:2    | Received a gift from Trog
 68911 | Elf:2    | Found Yremalih's General Store.
 69437 | Depths:1 | Bought an uncursed amulet of reflection for 300 gold pieces
 70355 | Elf:2    | Received a gift from Trog
 70503 | Elf:2    | Noticed Azrael
 70521 | Elf:2    | Killed Azrael
 70852 | Elf:3    | Entered Level 3 of the Elven Halls
 70936 | Elf:3    | Reached XP level 24. HP: 195/226 MP: 10/22
 71019 | Elf:3    | Received a gift from Trog
 71688 | Elf:3    | Found a portal to a secret trove of treasure.
 72017 | Elf:3    | Identified the +4 glaive "Tophad" {flame, +Fly}
 72509 | Elf:3    | Identified the +1 chain mail of a sewer {rC- Int+6 Dex+7}
 72833 | Elf:3    | Received a gift from Trog
 72852 | Elf:3    | Identified the Collected Works on the Congealing Entourage
 73600 | Orc:2    | Bought a scroll of enchant weapon for 105 gold pieces
 73700 | Elf:3    | You paid a toll of a +6 demon blade to enter a treasure
                  | trove
 73701 | Trove    | Entered a treasure trove
 74910 | Vaults:5 | Entered Level 5 of the Vaults
 75699 | Vaults:5 | Noticed Xtahua
 75724 | Vaults:5 | Killed Xtahua
 75992 | Vaults:5 | Identified a +2 pair of boots of running (You found it on
                  | level 5 of the Vaults)
 76034 | Vaults:5 | Noticed a shard shrike
 76034 | Vaults:5 | a caustic shrike changed into a shard shrike
 76341 | Vaults:5 | Identified the +6 long sword of Gumufil {pain, rC+ rN++
                  | Str+4 Dex-3}
 77089 | Vaults:5 | Received a gift from Trog
 77185 | Vaults:5 | Reached XP level 25. HP: 229/237 MP: 10/22
 77440 | Vaults:5 | Cast into level 4 of the Abyss (a deep elf sorcerer)
 77547 | Vaults:5 | Escaped the Abyss
 78570 | Vaults:5 | Got a silver rune of Zot
 78652 | Vaults:5 | Got a shimmering jade amulet
 78653 | Vaults:5 | Identified the amulet of Osamian {Inacc rPois} (You found
                  | it on level 5 of the Vaults)
 78790 | Vaults:5 | Got a pair of distressingly furry gloves
 78791 | Vaults:5 | Identified the +1 pair of gloves "Vufup" {Rampage Stlth+}
                  | (You found it on level 5 of the Vaults)
 79375 | Zot:1    | Entered Level 1 of the Realm of Zot
 84165 | Zot:3    | Reached XP level 26. HP: 248/248 MP: 10/22
 86346 | Zot:3    | You fall into a shaft and drop 1 floor!
 86351 | Zot:3    | Found a stormy altar of Qazlal.
 86351 | Zot:3    | Noticed an ancient lich
 86352 | Zot:3    | Found the +5 sword of Power {vorpal}
 86363 | Zot:4    | Noticed an orb of fire
 86541 | Zot:4    | Gained mutation: Your magical capacity is low. (-10% MP)
                  | [an orb of fire]
 86541 | Zot:4    | Lost mutation: You are weak. (Str -2) [an orb of fire]
 86556 | Zot:4    | Gained mutation: You are weak. (Str -2) [an orb of fire]
 86565 | Zot:4    | Gained mutation: You occasionally shout uncontrollably at
                  | your foes. [an orb of fire]
 88934 | Zot:4    | Received a gift from Trog
 89680 | Zot:4    | Gained mutation: You tend to lose your temper in combat.
                  | [an orb of fire]
 89685 | Zot:4    | Gained mutation: You have large cloven feet. [an orb of
                  | fire]
 89890 | Zot:4    | Killed an orb of fire
 91556 | Zot:4    | Killed an ancient lich
 91557 | Zot:4    | Reached XP level 27. HP: 249/259 MP: 9/19
 91569 | Zot:4    | Found the +4 dragonskin cloak
 91569 | Zot:4    | Noticed Tiamat
 92617 | Zot:3    | Killed Tiamat
 93772 | Zot:5    | Entered Level 5 of the Realm of Zot
 94764 | Zot:5    | Noticed an orb of fire
 94771 | Zot:4    | Gained mutation: You often lose your temper in combat. [an
                  | orb of fire]
 94776 | Zot:4    | Lost mutation: You are weak. (Str -2) [an orb of fire]
 94779 | Zot:4    | HP: 9/260 [Orb Guardian (11)]
 94780 | Zot:4    | HP: 4/260 [tentacled monstrosity (5)]
 94782 | Zot:4    | HP: 1/390 [tentacled monstrosity (2)]
 94812 | Zot:4    | HP: 4/260 [Orb Guardian (26)]
 94818 | Zot:4    | HP: 2/260 [Orb Guardian (6)]
 95424 | Zot:4    | Gained mutation: You are frail. (-10% HP) [an orb of fire]
 95574 | Zot:4    | Killed an orb of fire
 95673 | Zot:5    | Noticed an orb of fire
 95673 | Zot:5    | Gained mutation: You have an uncontrollable temper. [an orb
                  | of fire]
 95677 | Zot:5    | Noticed an orb of fire
 95681 | Zot:4    | Gained mutation: Scrolls take you a little longer to read.
                  | [an orb of fire]
 95692 | Zot:4    | Killed an orb of fire
 95846 | Zot:5    | Noticed an orb of fire
 96117 | Zot:5    | Noticed an ancient lich
 96117 | Zot:5    | Noticed an orb of fire
 96418 | Zot:4    | Gained mutation: You sometimes yell uncontrollably at your
                  | foes. [an orb of fire]
 96424 | Zot:4    | Killed an ancient lich
 96425 | Zot:4    | Gained mutation: You do not regenerate when monsters are
                  | visible. [an orb of fire]
 96430 | Zot:4    | Killed an orb of fire
 96495 | Zot:4    | Gained mutation: Your body sometimes deteriorates upon
                  | taking damage. [an orb of fire]
 96517 | Zot:4    | Killed an orb of fire
 96625 | Zot:5    | Gained mutation: You are very frail. (-20% HP) [an orb of
                  | fire]
 96627 | Zot:5    | Gained mutation: You are clumsy. (Dex -2) [an orb of fire]
 96673 | Zot:4    | Killed an orb of fire
 97669 | Zot:5    | Noticed an orb of fire
 97792 | Zot:5    | Lost mutation: You sometimes yell uncontrollably at your
                  | foes. [an orb of fire]
 97807 | Zot:5    | Killed an orb of fire
 98198 | Zot:5    | Identified the +2 trident of Ecivaan {drain, rC+ Will+}
 99523 | Zot:5    | Lost mutation: Your magical capacity is low. (-10% MP)
                  | [potion of mutation]
 99523 | Zot:5    | Lost mutation: Scrolls take you a little longer to read.
                  | [potion of mutation]
 99523 | Zot:5    | Gained mutation: You are covered in fur. (AC +1) [potion of
                  | mutation]
 99523 | Zot:5    | Gained mutation: You are strong-willed. (Will+) [potion of
                  | mutation]
 99524 | Zot:5    | Lost mutation: You are clumsy. (Dex -2) [potion of
                  | mutation]
 99524 | Zot:5    | Lost mutation: You occasionally shout uncontrollably at
                  | your foes. [potion of mutation]
 99524 | Zot:5    | Lost mutation: You are strong-willed. (Will+) [potion of
                  | mutation]
 99524 | Zot:5    | Lost mutation: Your body sometimes deteriorates upon taking
                  | damage. [potion of mutation]
 99524 | Zot:5    | Lost mutation: You are covered in fur. (AC +1) [potion of
                  | mutation]
 99524 | Zot:5    | Gained mutation: Your movements are slightly less
                  | encumbered by armour. (ER -2) [potion of mutation]
 99525 | Zot:5    | Lost mutation: You are very frail. (-20% HP) [potion of
                  | mutation]
 99525 | Zot:5    | Lost mutation: Your movements are slightly less encumbered
                  | by armour. (ER -2) [potion of mutation]
 99525 | Zot:5    | Lost mutation: You are frail. (-10% HP) [potion of
                  | mutation]
 99525 | Zot:5    | Gained mutation: Your muscles are strong. (Str +2) [potion
                  | of mutation]
101168 | Lair:1   | Lost mutation: You have an uncontrollable temper. [potion
                  | of mutation]
101168 | Lair:1   | Lost mutation: You often lose your temper in combat.
                  | [potion of mutation]
101168 | Lair:1   | Lost mutation: Your muscles are strong. (Str +2) [potion of
                  | mutation]
101168 | Lair:1   | Lost mutation: You have large cloven feet. [potion of
                  | mutation]
101168 | Lair:1   | Gained mutation: You expend magic power (3 MP) to
                  | strengthen your wands. [potion of mutation]
101168 | Lair:1   | Lost mutation: You tend to lose your temper in combat.
                  | [potion of mutation]
101168 | Lair:1   | Gained mutation: Scrolls take you a little longer to read.
                  | [potion of mutation]
101168 | Lair:1   | Gained mutation: You have sharp toenails. [potion of
                  | mutation]
101424 | D:4      | Bought a potion of mutation for 88 gold pieces
102248 | Slime:1  | Entered Level 1 of the Pits of Slime
102378 | Slime:5  | Entered Level 5 of the Pits of Slime
102604 | Slime:5  | Noticed the Royal Jelly
102650 | Slime:5  | Gained mutation: You occasionally shout uncontrollably at
                  | your foes. [a shining eye]
102652 | Slime:5  | Gained mutation: Your body sometimes deteriorates upon
                  | taking damage. [a shining eye]
102653 | Slime:4  | Gained mutation: You are dopey. (Int -2) [a shining eye]
102655 | Slime:4  | Gained mutation: You are frail. (-10% HP) [a shining eye]
102758 | Slime:4  | Gained mutation: You are partially covered in iridescent
                  | scales. (AC +2) [a shining eye]
102763 | Slime:4  | Gained mutation: Your spells are a little easier to cast,
                  | but a little less powerful. [a shining eye]
102852 | Slime:4  | Gained mutation: Your body often deteriorates upon taking
                  | damage. [a shining eye]
104797 | Slime:5  | HP: 6/226 [the Royal Jelly (14)]
104797 | Slime:5  | HP: 1/226 [acid blob/splash of acid[the Royal Jelly] (2)]
104797 | Slime:5  | Splashed by an acid blob's acid

Illustrated notes

Levels and vault maps discovered:
D:1:      scummos_arrival_simple_fountains, layout_loops_ring,
          minmay_hexomino_c4
D:2:      layout_loops_cross, nicolae_dithmenos_through_a_glass_darkly,
          minmay_increasing_density
D:3:      layout_basic, nzn_hepliaklqana_mist_gate,
          chequers_ecumenical_altar_lobes, item_on_display_a
D:4:      layout_cave_pools, kennysheep_mini_moat,
          minmay_overflow_temple_star_quad, nicolae_overflow_hidden_temple,
          serial_shops, shop, hex_large, minmay_shop_grid_forest, uniq_duvessa,
          uniq_ijyb, uniq_eustachio
D:5:      layout_loops_ring, serial_shops, shop
D:6:      layout_loops_ring, serial_shops, shop_statue, hangedman_decor_lopped,
          grunt_qazlal_sundering
D:7:      minmay_evil_eye, layout_basic, fiery_altar_vehumet,
          minmay_temple_entry_large_hall
D:8:      layout_loops_ring, xom_shifter_show
D:9:      layout_basic, david_lair_generic, basic_altar, serial_shops, shop,
          gammafunk_ghost_smash, uniq_pikel
D:10:     layout_basic, orc_david_3
D:11:     layout_rooms, special_room [special_room_orc], basic_altar,
          serial_shops, shop, uniq_harold, uniq_gastronok
D:12:     layout_roguey, serial_shops, shop, lemuel_blue_sif_altar, uniq_urug
D:13:     layout_rooms, skrybe_vaults_entry_preservation,
          gammafunk_ghost_abyssal_escape, minmay_misc_feat_more_columns
D:14:     layout_grid_maze, special_room [special_room_bee],
          minmay_staircase_windowed_small, minivault_16, uniq_jorgrun
D:15:     gammafunk_enter_depths_forms, layout_small_grid,
          nicolae_gozag_seed_capital, cheibriados_altar_1
Lair:1:   dragon1_lemuel, layout_loops_ring, chequers_serial_rivers_room_a
Lair:2:   layout_regular_city, minmay_shoals_entry_lonely_mermaid,
          minmay_snake_entry_guardpost_small
Lair:3:   wander_river, layout_small_grid, lemuel_fruit_tree
Lair:4:   minmay_guarded_unrand_snakebite, layout_loops_ring, enter_volcano_2,
          kennysheep_rathole
Lair:5:   layout_big_grid, grunt_megastairs_3, infiniplex_staircase_pool_2,
          uniq_nessos, uniq_sonja
Lair:6:   due_jungle_book, layout_regular_city, minmay_slime_entry_pillars,
          grunt_forest_large_clearing_hut
Shoals:1: layout_shoals, serial_shops, nicolae_shop_competitors_out_of_business
Shoals:2: layout_shoals, uniq_polyphemus, uniq_nikola
Shoals:3: layout_shoals, serial_shops, nicolae_shop_window_shopping,
          gammafunk_ghost_cemetery
Shoals:4: shoals_end_hangedman, layout_shoals, nicolae_shoals_mertower,
          uniq_donald
Snake:1:  layout_onion, grunt_ministairs_11
Snake:2:  layout_layer_cave, uniq_agnes
Snake:3:  gammafunk_sealed_library, layout_basic, serial_bayou_shore_a,
          minmay_shop_star, serial_bayou_shore_b, uniq_kirke
Snake:4:  snake_pit, layout_layer_cave, basic_altar
Slime:1:  layout_caves, cheibrodos_slime_lost_civilization_7
Slime:2:  layout_caves
Slime:3:  layout_caves, cheibrodos_slime_lost_civilization_5
Slime:4:  layout_caves
Slime:5
Orc:1:    orc_temple, layout_caves
Orc:2:    st_orc_elflike, layout_caves, serial_shops, shop, shop,
          shop_fountains, shop, shop, mines1_david
Elf:1:    eino_elf_arrival_sip, layout_loops_cross, serial_aquarium,
          aquarium_bridge_square [aquarium_subvault_bridge,
          aquarium_subvault_window, aquarium_subvault_wall,
          aquarium_subvault_bridge], aquarium_bridge_straight
          [aquarium_subvault_bridge, aquarium_subvault_wall,
          aquarium_subvault_bridge, aquarium_subvault_balcony],
          aquarium_window_1, aquarium_window_1, aquarium_window_2,
          aquarium_window_2, aquarium_view_2c, aquarium_balcony_1b,
          hangedman_elf_represent
Elf:2:    layout_geoelf_octagon, serial_shops, shop, uniq_azrael
Elf:3:    minmay_elf_hall_x, layout_loops_cross, nicolae_trove_entry_free_sample
Vaults:1: nicolae_vaults_know_your_exits, nicolae_vaults_border_crossing,
          nicolae_vaults_sealed_display, ontoclasm_vaults_shuriken,
          ontoclasm_vaults_pinch, nicolae_vaults_little_squares_6,
          nicolae_vaults_yaktaur_gun_rack, layout_vaults_quadrants, basic_altar,
          serial_shops, shop
Vaults:2: nicolae_vaults_network_star, v_alt_pattern_5,
          vaults_dpeg_encased_lava, nicolae_vaults_branching_niches,
          nicolae_vaults_network_square, v_pattern_3,
          hangedman_vaults_restitches, nicolae_vaults_what_the_h,
          nicolae_vaults_little_squares_5, grunt_vaults_hallway_short,
          serial_ice_g, layout_vaults_big_cross, serial_shops,
          bzr_entry_lakeside, uniq_bai_suzhen
Vaults:3: nicolae_vaults_theta, v_misc_29, nicolae_vaults_twisting_passages,
          hangedman_vaults_locks, minmay_crypt_entry_simple_walls,
          ontoclasm_vaults_chip, ontoclasm_vaults_twist, layout_vaults_big_room,
          basic_altar, serial_shops, nicolae_shop_behind_doors,
          portal_desolation_entry_salt
Vaults:4: vaults_room_stairs_pillars, grunt_vaults_trifunnel, v_misc_25,
          nicolae_vaults_alarming, nicolae_vaults_rhombus_5,
          nicolae_vaults_angled_halls, hangedman_vaults_trim,
          nicolae_vaults_little_squares_6, vaults_dpeg_diagonal,
          nicolae_vaults_ring_of_whatevers, v_misc_16, v_misc_29,
          hangedman_vaults_slice, ontoclasm_vaults_eye, layout_vaults_ring,
          uniq_sojobo
Vaults:5: serial_shops, uniq_xtahua
Depths:1: layout_gridlike, enter_ziggurat_c, pf_dread_powers_of_hell,
          amcnicky_mini_rare_corridor_liquid, minmay_shop_enchanted_jewellery,
          grunt_decor_junction, kennysheep_generic_room_9
Depths:2: minmay_the_grid_octo_triangle [minmay_the_grid_octo_toaster,
          minmay_the_grid_octo_prize_square_snowflake,
          minmay_the_grid_octo_empty], layout_honeycomb, pf_coc_iceberg,
          roderic_serpentine_path, abyss_entry, rand_demon_pan_entry_5
Depths:3: minmay_spiral_squares, layout_gridlike, minmay_misc_feat_room,
          hell_entry, rand_demon_pan_entry_4, serial_shops, shop,
          minmay_misc_feat_roman, minivault_16,
          infiniplex_staircase_split_hallway, minmay_shop_grove, uniq_saint_roka
Depths:4: minmay_thinvault, layout_basic, abyss_entry, mu_enter_wizlab_6,
          nrook_pool_corridor, hellmouth_1, infiniplex_staircase_hallway_doors,
          minmay_shoptagon, uniq_mara, uniq_margery
Depths:5: evilmike_zot_entry_round, layout_cave_shapes, grunt_mini_vestibule,
          fountainhead
Zot:1:    layout_onion, grunt_megastairs_2
Zot:2:    layout_concentric_octagons, bh_zot_ikea_curve
Zot:3:    regret_index_qazlal_generations, layout_basic
Zot:4:    layout_misc_corridors, uniq_tiamat
Zot:5:    layout_twisted_circle

Skill      XL: |  1  2  3  4  5  6  7  8  9 10 11 12 13 14 15 16 17 18 19 20 21 22 23 24 25 26 27 |
---------------+----------------------------------------------------------------------------------+-----
Shields        | 1 2 3 4 6 7 8 10 11 12 13 14 15 16 17 18 19 20 21 22 23 24 | 24.6
Axes           | 4 5 6 7 8 9 10 11 12 13 14 15 16 17 18 19 20 21 22 23 24 | 24.9
Fighting       | 4 5 6 7 8 9 10 11 12 13 14 15 16 17 18 19 20 21 22 23 24 | 24.9
Armour         | 3 4 5 6 8 9 10 11 12 13 14 15 16 17 18 19 20 21 22 23 24 | 24.7
Dodging        | 3 4 5 6 7 8 9 10 11 12 13 14 15 16 17 18 19 20 21 23 | 23.1
Evocations     | 3 4 6 7 8 9 10 11 12 13 14 15 16 | 16.1

Action                   |  1- 3 |  4- 6 |  7- 9 | 10-12 | 13-15 | 16-18 | 19-21 | 22-24 | 25-27 || total
-------------------------+-------+-------+-------+-------+-------+-------+-------+-------+-------++-------
Melee: Hand axe          |    81 |    33 |       |   244 |    70 |       |       |       |       ||   428
       Headbutt          |    15 |    13 |    69 |   185 |   272 |   420 |   676 |   741 |   895 ||  3286
       War axe           |       |    79 |   374 |   495 |       |  1039 |  1928 |  2275 |  2479 ||  8669
       Mace              |       |       |       |    69 |       |       |       |       |       ||    69
       Broad axe         |       |       |       |       |   859 |   582 |   153 |     2 |       ||  1596
       Whip              |       |       |       |       |   150 |       |       |       |       ||   150
       Flail             |       |       |       |       |       |    11 |       |       |       ||    11
       Unarmed           |       |       |       |       |       |       |       |       |    16 ||    16
Invok: Trog's Hand       |       |     3 |     1 |     5 |     5 |     8 |    13 |    12 |    19 ||    66
       Berserk           |       |       |     2 |       |       |       |       |       |     3 ||     5
       Brothers in Arms  |       |       |       |     2 |     2 |     8 |     8 |     7 |    15 ||    42
Evoke: Wand              |       |     5 |       |     8 |    20 |    27 |    18 |    49 |    19 ||   146
       Lightning rod     |       |       |       |       |       |     2 |       |       |     1 ||     3
       Box of beasts     |       |       |       |       |       |     1 |       |       |     2 ||     3
       Condenser vane    |       |       |       |       |       |       |       |     2 |     2 ||     4
       Tin of tremorston |       |       |       |       |       |       |       |     1 |       ||     1
  Use: Scroll            |       |       |     9 |     4 |    13 |    25 |    15 |    12 |    25 ||   103
       Potion            |       |       |       |       |       |     3 |     5 |     3 |    28 ||    39
 Stab: Paralysed         |       |       |       |       |    14 |     1 |     4 |       |       ||    19
       Distracted        |       |       |       |       |       |     1 |     1 |     1 |     3 ||     6
       Invisible         |       |       |       |       |       |       |       |       |     3 ||     3
Armor: Animal skin       |     7 |       |       |       |       |       |       |       |       ||     7
       Ring mail         |     5 |       |       |       |       |       |       |       |       ||     5
       Chain mail        |    24 |    61 |    27 |       |       |       |       |       |       ||   112
       Plate armour      |       |       |   188 |   365 |   428 |   448 |       |       |       ||  1429
       Gold dragon scale |       |       |       |       |       |   252 |   780 |   654 |  1029 ||  2715
       Skin              |       |       |       |       |       |       |       |       |     2 ||     2
Dodge: Dodged            |    33 |    56 |   133 |   244 |   360 |   721 |   664 |   840 |  1050 ||  4101
Block: Buckler           |    14 |    14 |    61 |       |       |       |       |       |       ||    89
       Kite shield       |       |       |    19 |   538 |   847 |  1309 |  1607 |  1931 |  2541 ||  8792
       Reflection        |       |       |       |       |       |    64 |   171 |   124 |    42 ||   401
       Other             |       |       |       |       |       |       |       |     1 |       ||     1
